Map: Jagannatha LE

Players

DOCTOR

  • Race: Protoss Protoss
  • League: Platinum

Cynicusme - Winner!

  • Race: Zerg Zerg
  • League: Diamond

VOD

Have the link to the VOD?

Description

Time

  • Played on: Sept. 16, 2021, 2:21 a.m.
  • Length: 3:13
Show
View Real Time Build Order
Export as new Build Order

DOCTOR Protoss 

Build Orders:  

Get SALT Encoding   

  12  0:00  Probe  
  13  0:13  Probe  
  14  0:20  Pylon  
  14  0:25  Probe (Chrono Boost)  
  15  0:40  Probe (Chrono Boost)  
  16  0:44  Gateway  
  16  0:45  Probe (Chrono Boost)  
  17  0:55  Assimilator, Probe  
  18  1:01  Assimilator  
  18  1:07  Probe  
  18  1:09  Pylon  
  19  1:19  Probe  
  19  1:25  Gateway  
  20  1:37  Cybernetics Core  
  20  1:43  Cybernetics Core  
  20  1:45  Pylon  
  20  1:50  Zealot (Chrono Boost)  
  22  1:54  Probe  
  23  2:06  Probe  
  26  2:23  Zealot (Chrono Boost)  
  26  2:29  Shield Battery  
  22  2:42  Pylon  
Show
View Real Time Build Order
Export as new Build Order

Cynicusme Zerg - Winner!

Build Orders: Pool First 

Get SALT Encoding   

  12  0:01  Drone  
  13  0:23  Spawning Pool  
  13  0:26  Drone  
  13  0:35  Drone  
  14  0:45  Overlord  
  14  1:15  Hatchery  
  14  1:18  Zergling x4  
  15  1:19  Zergling x2  
  16  1:29  Zergling x2  
  17  1:40  Zergling x2  
  17  1:44  Queen  
  20  2:00  Zergling x2  
  21  2:11  Drone  
  21  2:33  Hatchery  
  21  2:34  Queen  
  22  2:37  Drone  
  23  2:55  Spine Crawler  
  23  2:56  Zergling x4  
Tags
 
Add a new tag
Caveats
  • Supply blocks, unpowered buildings, or Contaminate may cause inaccurate times.
  • Supply counts are checked every 10 seconds.